 Dungeon Crawl Stone Soup version 0.28.0-47-ge53b351184 (webtiles) character file.

Game seed: 1732255443636900114

88032 Zeld the Eclecticist (level 15, -4/130 HPs)
             Began as a Purple Draconian Conjurer on Apr 29, 2022.
             Was a High Priest of Vehumet.
             Succumbed to Nessos's poison
             ... on level 12 of the Dungeon.
             The game lasted 00:53:35 (42984 turns).

Zeld the Eclecticist (Purple Draconian Conjurer)   Turns: 42984, Time: 00:53:36

Health: -4/130     AC: 15    Str: 14    XL:     15   Next: 45%
Magic:  28/34      EV: 15    Int: 30    God:    Vehumet [*****.]
Gold:   166        SH:  5    Dex: 10    Spells: 21/44 levels left

rFire   + . .      SeeInvis .   a - +8 flail "Ruvent" {venom, rCorr Str+5 Int+4}
rCold   + . .      Faith    .   (no shield)
rNeg    . . .      Spirit   .   (armour unavailable)
rPois   .          Reflect  +   (helmet restricted)
rElec   .          Harm     .   f - scarf {rC+ rF+}
rCorr   +          Rampage  .   H - +2 pair of gloves
Will    ++...                   b - +2 pair of boots
Stlth   ++++......              o - amulet of reflection
HPRegen 0.31/turn               (no ring)
MPRegen 0.24/turn               (no ring)

@: lethally poisoned (-4 -> -74)
A: breathe power, AC +9, unfitting armour, cold-blooded, screaming 1
a: Breathe Dispelling Energy, Renounce Religion


You were on level 12 of the Dungeon.
You worshipped Vehumet.
Vehumet was extremely pleased with you.
You visited 4 branches of the dungeon, and saw 22 of its levels.
You also visited: Sewer and Volcano.

You collected 2318 gold pieces.
You spent 2152 gold pieces at shops.

Inventory:

Hand Weapons
 a - the +8 flail "Ruvent" (weapon) {venom, rCorr Str+5 Int+4}
   (You found it on level 1 of the Lair of Beasts)

   It poisons the flesh of those it strikes.
   Str:       It affects your strength (+5).
   Int:       It affects your intelligence (+4).
   rCorr:     It protects you from acid and corrosion.
Armour
 b - a +2 pair of boots (worn)
 f - a scarf of resistance (worn)
 H - a +2 pair of gloves (worn)
Jewellery
 o - an amulet of reflection (around neck)
 s - a ring of protection from cold
 w - a ring of flight
Wands
 h - a wand of digging (3)
 t - a wand of charming (11)
 B - a wand of flame (35)
Scrolls
 d - 3 scrolls of magic mapping
 g - 5 scrolls of enchant weapon
 j - 5 scrolls of teleportation
 l - 4 scrolls of amnesia
 q - a scroll of fear
 v - a scroll of summoning
 x - a scroll of fog
 A - a scroll of acquirement {unknown}
 F - a scroll of brand weapon
Potions
 c - 7 potions of curing
 e - 3 potions of resistance
 i - 6 potions of haste
 k - 6 potions of brilliance
 n - 3 potions of cancellation
 p - a potion of magic
 r - 3 potions of invisibility
 u - 5 potions of might
 C - 4 potions of flight
 D - a potion of ambrosia
 G - 2 potions of berserk rage


   Skills:
 + Level 11.2 Fighting
 * Level 9.6 Maces & Flails
 + Level 9.6 Dodging
 + Level 10.5 Stealth
 - Level 15.0 Spellcasting
 * Level 14.8 Conjurations
 - Level 2.0 Hexes
 - Level 2.0 Translocations
 - Level 2.0 Transmutations


You had 21 spell levels left.
You knew the following spells:

 Your Spells              Type           Power      Damage    Failure   Level
a - Magic Dart            Conj           100%       1d8       0%          1
b - Searing Ray           Conj           100%       2d8       0%          2
c - Fulminant Prism       Conj/Hex       32%        3d16      1%          4
d - Iskenderun's Mystic   Conj/Tloc      64%        2d13      1%          4
e - Orb of Destruction    Conj           42%        9d12      1%          7
f - Irradiate             Conj/Tmut      32%        3d24      1%          5

Your spell library contained the following spells:

 Spells                   Type           Power      Damage    Failure   Level
 Lee's Rapid Deconstruct  Erth           11%        3d9*      16%         5
 Freeze                   Ice            88%        1d10      1%          1
 Pain                     Necr           88%        1d8       1%          1
 Sting                    Tmut/Pois      100%       1d8       1%          1
 Blink                    Tloc           68%        N/A       1%          2
 Poisonous Vapours        Pois/Air       44%        N/A       1%          2
 Static Discharge         Conj/Air       61%        N/A       1%          2
 Wereblood                Tmut           34%        N/A       1%          2
 Dazzling Flash           Conj/Hex       100%       N/A       1%          3
 Frozen Ramparts          Ice            44%        1d6       1%          3
 Stone Arrow              Conj/Erth      100%       3d13      1%          3
 Hailstorm                Conj/Ice       61%        3d13      1%          4
 Lightning Bolt           Conj/Air       30%        1d47      1%          5
 Gell's Gravitas          Tloc           34%        N/A       2%          3
 Lesser Beckoning         Tloc           34%        N/A       2%          3
 Teleport Other           Tloc           34%        N/A       2%          3
 Sublimation of Blood     Necr           22%        N/A       3%          2
 Summon Guardian Golem    Hex/Summ       28%        N/A       4%          3
 Airstrike                Air            11%        N/A       5%          4
 Olgreb's Toxic Radiance  Pois           22%        N/A       5%          4
 Ozocubu's Armour         Ice            22%        N/A       6%          3
 Summon Lightning Spire   Summ/Air       22%        N/A       21%         4
 Spellforged Servitor     Conj/Summ      30%        N/A       21%         7
 Manifold Assault         Tloc           34%        N/A       26%         5
 Metabolic Englaciation   Hex/Ice        14%        N/A       36%         5
 Agony                    Necr           22%        N/A       50%         5
 Excruciating Wounds      Necr           11%        N/A       50%         5
 Dispersal                Tloc           17%        N/A       80%         6
 Lehudib's Crystal Spear  Conj/Erth      30%        10d8      82%         8
 Simulacrum               Ice/Necr       11%        N/A       97%         6
 Summon Hydra             Summ           11%        N/A       100%        7
 Animate Armour           Summ/Erth      Unusable   N/A       N/A         4

Dungeon Overview and Level Annotations

Branches:
Dungeon (13/15)            Temple (1/1) D:6            Lair (6/6) D:9
  Swamp (0/4) Lair:3        Snake (0/4) Lair:4        Slime (0/5) Lair:5
    Orc (2/2) D:11            Elf (0/3) Orc:2         Sewer (visited)
Volcano (visited)
 Vaults: D:13-14

Altars:
Ashenzari
Cheibriados
Dithmenos
Elyvilon
Fedhas
Gozag
Hepliaklqana
Kikubaaqudgha
Makhleb
Nemelex Xobeh
Okawaru
Qazlal
Ru
Sif Muna
Trog
Uskayaw
Vehumet
Wu Jian
Xom
Yredelemnul
Zin
The Shining One

Shops:
D:8 !(   D:11 =?   Orc:1 (   Orc:2 [***

Annotations:
D:13 Nessos


Innate Abilities, Weirdness & Mutations

You can breathe bolts of dispelling energy.
Your rich purple scales are hard. (AC +9)
You cannot fit into any form of body armour.
You are cold-blooded and may be slowed by cold attacks.
You occasionally shout uncontrollably at your foes.


Message History

Casting: Searing Ray (safe; 0% risk of failure)
Confirm with . or Enter, or press ? or * to list all spells.
Restarting spell: Searing Ray (safe; 0% risk of failure)
Press: ? - help, Shift-Dir - straight line, f/p - Nessos
Aim: Nessos, wielding a +2 longbow of flaming, wearing a +0 barding and quivering arrows (lightly wounded, fast, 90% to hit)
The searing ray hits Nessos but does no damage.
Nessos is lightly wounded. (Press . to maintain the ray.) Nessos shoots an arrow.
The arrow hits you.
You are poisoned.
Nessos shoots an arrow.
The arrow closely misses you.
The searing ray hits Nessos!
Nessos is moderately wounded.
You feel sick.
Nessos shoots an arrow.
The arrow hits you! The arrow burns you.
You are more poisoned.
The searing ray hits Nessos!
Nessos is moderately wounded.
You feel very sick.
Nessos shoots an arrow.
The arrow barely misses you.
Nessos shoots an arrow.
The arrow hits you!! The arrow burns you.
You are more poisoned.
The searing ray hits Nessos!
Nessos is heavily wounded.
You finish channelling your searing ray.
You feel extremely sick.
Nessos shoots an arrow.
The arrow hits you! The arrow burns you.
You are more poisoned.
Nessos casts a spell.
Nessos blinks!
You feel extremely sick.
Nessos shoots an arrow.
The arrow hits you!
* * * LOW HITPOINT WARNING * * *
The arrow burns you.
You are lethally poisoned!
* * * LOW HITPOINT WARNING * * *
Nessos shoots an arrow.
The arrow hits you!
* * * LOW HITPOINT WARNING * * *
You are more poisoned.
You climb upwards.
You die...

# #.........# #.....>....# #
##.######## ##'#########
#...# #.# ###.# ##.# #.#
#..# ###'######### #.##
#...........###'############
#...........##.............#
#......?...@.#.<.........>.#
#..........................#
#...........##.............#
#...........##.(.........[.#
#####'########.............#
#.# #.............# #.#
########'###### #.# #.# #.#
#.#


There were no monsters in sight!

Vanquished Creatures
  An orc warlord (Orc:1)
  The ghost of 0gre the Frost Mage, a journeyman GnIE of Vehumet (Lair:3)
  Snorg (Lair:5)
  A boulder beetle (Lair:2)
  A fire dragon (Volcano)
  11 hydras
  4 ogre magi (Orc:2)
  A centaur warrior (D:11)
  19 two-headed ogres
  The ghost of unlimited1921 the Firebug, a novice HOFE of Yredelemnul (Orc:1)
  5 death yaks (Lair:6)
  4 sun demons (Volcano)
  A goliath frog (Lair:6)
  The ghost of PACMANKE the Slicer, a novice KoBr of Dithmenos (D:7)
  2 orc knights (Orc:1)
  An ugly thing (D:11)
  A deep elf pyromancer (D:12)
  2 cyclopes
  2 orc sorcerers
  Maurice (D:9)
  11 elephants
  3 black mambas
  A smoke demon (Volcano)
  An unseen horror (D:12)
  25 cane toads
  A torpor snail (Lair:6)
  3 rime drakes
  Psyche (D:12)
  10 komodo dragons
  A kobold demonologist (D:12)
  3 polar bears
  A hornet (D:9)
  6 tyrant leeches
  5 trolls
  6 slime creatures
  6 dream sheep (Lair:5)
  22 blink frogs
  2 vampires
  A shadow (D:11)
  5 wyverns
  Sigmund (D:4)
  3 wraiths
  4 basilisks
  33 yaks
  6 steam dragons (Volcano)
  13 vampire mosquitoes
  Edmund (D:6)
  2 swamp worms (Lair:3)
  3 acid dragons
  A naga (Lair:4)
  3 wargs
  A spectral hornet (D:7)
  17 water moccasins
  3 hell hounds
  21 orc warriors
  2 sky beasts
  2 ice beasts
  4 black bears
  27 wolves
  3 necrophages (D:5)
  31 ogres
  3 phantoms
  21 centaurs
  4 kobold brigands
  26 bullfrogs
  3 gnoll sergeants
  A scorpion (D:6)
  7 killer bees
  9 wights (D:10)
  5 electric eels (Lair:4)
  4 howler monkeys
  2 spectral centaurs (D:7)
  3 centaur zombies
  3 hounds
  A jelly (D:5)
  8 orc priests
  A centaur skeleton (D:6)
  Natasha (twice) (D:4)
  2 iguanas
  14 orc wizards
  A scorpion zombie (D:4)
  2 hell rats (Lair:6)
  A killer bee zombie (D:8)
  A centaur simulacrum (D:7)
  A hound skeleton (D:5)
  A howler monkey zombie (D:9)
  9 gnolls
  An adder (D:2)
  9 river rats (Lair:6)
  3 white imps
  An ufetubus (D:4)
  3 adder skeletons
  A worm (D:3)
  A dart slug (D:2)
  45 orcs
  A bat zombie (D:2)
  4 endoplasms
  4 giant cockroaches
  5 goblins
  12 hobgoblins
  9 jackals
  22 kobolds
  4 quokkas
  3 ball pythons
  A ball python zombie (D:2)
  3 bats
  3 frilled lizards
  A giant cockroach zombie (D:2)
  A quokka zombie (D:2)
  10 rats
638 creatures vanquished.

Vanquished Creatures (collateral kills)
  A slime creature (D:12)
1 creature vanquished.

Vanquished Creatures (others)
  2 moths of wrath (Lair:3)
  A polar bear (Lair:3)
  An orc wizard (D:7)
  7 fulminant prisms
  53 fungi
  156 plants
  A withered plant (D:2)
221 creatures vanquished.

Grand Total: 860 creatures vanquished

Notes
Turn   | Place    | Note
-------+----------+-------------------------------------------
     0 | D:1      | Zeld the Draconian Conjurer began the quest for the Orb.
     0 | D:1      | Reached XP level 1. HP: 14/14 MP: 3/3
   281 | D:1      | Found a faded altar of an unknown god.
   512 | D:1      | Reached XP level 2. HP: 22/22 MP: 0/5
  1293 | D:1      | Learned a level 2 spell: Searing Ray
  1701 | D:2      | Reached XP level 3. HP: 27/27 MP: 4/6
  1919 | D:2      | Reached skill level 1 in Fighting
  2081 | D:2      | You fall into a shaft and drop 2 floors!
  2305 | D:3      | Noticed an ice beast
  2395 | D:3      | Found a shimmering blue altar of Sif Muna.
  2396 | D:3      | Found a white marble altar of Elyvilon.
  2429 | D:3      | Found a sacrificial altar of Ru.
  2431 | D:3      | Found a sparkling altar of Nemelex Xobeh.
  2627 | D:3      | Found a glowing drain.
  2631 | Sewer    | Entered a sewer
  2712 | Sewer    | Noticed a water moccasin
  2722 | Sewer    | Killed a water moccasin
  2723 | Sewer    | Reached skill level 3 in Spellcasting
  2723 | Sewer    | Reached XP level 4. HP: 19/36 MP: 0/8
  2723 | Sewer    | Reached XP level 5. HP: 22/41 MP: 0/9
  2728 | Sewer    | Learned a level 4 spell: Fulminant Prism
  2879 | Sewer    | Identified the +1 chain mail "Kaloenao" {*Corrode rElec rF+
                  | rC+}
  3992 | D:3      | Found an ornate altar of the Wu Jian Council.
  4087 | D:3      | Killed an ice beast
  4088 | D:3      | Reached skill level 5 in Conjurations
  4088 | D:3      | Reached XP level 6. HP: 45/48 MP: 0/11
  4093 | D:3      | Learned a level 4 spell: Iskenderun's Mystic Blast
  4544 | D:4      | Noticed Sigmund
  5049 | D:4      | Reached skill level 1 in Hexes
  5186 | D:4      | Killed Sigmund
  5438 | D:4      | Reached skill level 4 in Spellcasting
  5438 | D:4      | Reached skill level 1 in Translocations
  5438 | D:4      | Your scales start taking on a rich purple colour.
  5438 | D:4      | Reached XP level 7. HP: 50/56 MP: 3/14
  5646 | D:4      | Noticed Natasha
  5650 | D:4      | Killed Natasha
  5651 | D:4      | Reached skill level 5 in Spellcasting
  5750 | D:4      | Noticed Natasha
  5762 | D:4      | Killed Natasha
  5909 | D:5      | Entered Level 5 of the Dungeon
  6453 | D:5      | Reached XP level 8. HP: 63/63 MP: 8/16
  6584 | D:5      | Found a broken altar of Ashenzari.
  6965 | D:5      | Reached skill level 6 in Spellcasting
  7792 | D:6      | Noticed Edmund
  8561 | D:6      | Found an iron altar of Okawaru.
  8709 | D:6      | Killed Edmund
  8710 | D:6      | Reached skill level 7 in Spellcasting
  8901 | D:6      | Found a staircase to the Ecumenical Temple.
  8921 | Temple   | Entered the Ecumenical Temple
  8980 | Temple   | Became a worshipper of Vehumet
  9211 | D:6      | Reached XP level 9. HP: 72/72 MP: 13/19
  9431 | D:6      | Found a basalt altar of Yredelemnul.
  9552 | D:7      | Found a runed translucent gate.
  9552 | D:7      | Found a runed translucent gate.
  9552 | D:7      | Found a runed translucent gate.
  9553 | D:7      | Noticed PACMANKE's ghost (novice KoBr)
  9680 | D:7      | Found a shadowy altar of Dithmenos.
 10326 | D:7      | Found a hide-covered altar of Uskayaw.
 10621 | D:8      | Found Cohim's Weapon Shop.
 10643 | D:7      | Reached * piety under Vehumet
 10643 | D:7      | Offered knowledge of Foxfire by Vehumet.
 10644 | D:7      | Reached skill level 5 in Fighting
 10644 | D:7      | Reached skill level 5 in Stealth
 10916 | D:8      | Reached skill level 8 in Spellcasting
 11322 | D:8      | Found Wogug's Distillery.
 11330 | D:8      | Bought a potion of might for 44 gold pieces
 11330 | D:8      | Bought a potion of might for 44 gold pieces
 11330 | D:8      | Bought a potion of heal wounds for 55 gold pieces
 11330 | D:8      | Bought a potion of heal wounds for 55 gold pieces
 11330 | D:8      | Bought a potion of haste for 110 gold pieces
 11330 | D:8      | Bought a potion of curing for 33 gold pieces
 11330 | D:8      | Bought a potion of flight for 33 gold pieces
 11330 | D:8      | Bought a potion of flight for 33 gold pieces
 11345 | D:8      | Noticed a two-headed ogre
 12112 | D:8      | Killed a two-headed ogre
 12113 | D:8      | Reached skill level 5 in Dodging
 12113 | D:8      | Reached XP level 10. HP: 75/83 MP: 3/22
 12551 | D:9      | Noticed a two-headed ogre
 12566 | D:9      | Killed a two-headed ogre
 12567 | D:9      | Reached skill level 9 in Spellcasting
 13088 | D:9      | Found a hazy altar of Hepliaklqana.
 13088 | D:9      | Noticed Maurice
 13115 | D:9      | Killed Maurice
 13761 | D:9      | Found a staircase to the Lair.
 14087 | D:9      | Found an opulent altar of Gozag.
 14174 | D:8      | Bought a potion of ambrosia for 88 gold pieces
 14206 | D:10     | Entered Level 10 of the Dungeon
 14391 | D:10     | Noticed a two-headed ogre
 14406 | D:10     | Killed a two-headed ogre
 14407 | D:10     | Reached skill level 10 in Spellcasting
 15340 | D:10     | Reached XP level 11. HP: 65/90 MP: 15/25
 15369 | D:10     | Reached ** piety under Vehumet
 15413 | D:10     | Offered knowledge of Shock by Vehumet.
 15414 | D:10     | Reached skill level 10 in Conjurations
 15924 | D:10     | Found a glowing golden altar of the Shining One.
 16978 | D:10     | Found a glowing golden altar of the Shining One.
 17853 | D:11     | Got Sif Muna's Handbook of Freezing Lightness
 17859 | D:11     | Found Xippolus's Jewellery Emporium.
 17924 | D:11     | Noticed a green ugly thing
 17935 | D:11     | Killed a green ugly thing
 18287 | D:11     | Noticed a centaur warrior
 18292 | D:11     | Found Junun's Magic Scroll Boutique.
 18297 | D:11     | Bought a scroll of enchant armour for 120 gold pieces
 18339 | D:11     | Offered knowledge of Inner Flame by Vehumet.
 18340 | D:11     | Reached skill level 11 in Spellcasting
 18858 | D:11     | Bought a scroll of identify for 32 gold pieces
 19040 | D:11     | Found a staircase to the Orcish Mines.
 19195 | D:12     | Reached *** piety under Vehumet
 19652 | D:12     | Noticed a deep elf pyromancer
 19670 | D:12     | Noticed Psyche
 19672 | D:12     | Killed a deep elf pyromancer
 19800 | D:12     | Killed Psyche
 20449 | D:12     | HP: 2/94 [slime creature (5)]
 20865 | D:12     | Reached XP level 12. HP: 93/101 MP: 21/27
 21010 | D:12     | Identified the +4 dagger of Hard Scrabble {freeze, Int+3}
 21052 | D:11     | Bought a scroll of magic mapping for 56 gold pieces
 21456 | Lair:1   | Entered Level 1 of the Lair of Beasts
 21460 | Lair:1   | Offered knowledge of Ignite Poison by Vehumet.
 21465 | Lair:1   | Reached skill level 12 in Spellcasting
 22236 | Lair:1   | Identified the +8 flail "Ruvent" {venom, rCorr Str+5 Int+4}
 22630 | Lair:1   | Reached skill level 1 in Maces & Flails
 23098 | Lair:1   | Noticed a five-headed hydra
 23109 | Lair:1   | Killed a five-headed hydra
 23528 | Lair:2   | Noticed a four-headed hydra
 23528 | Lair:2   | Noticed a four-headed hydra
 23541 | Lair:1   | Killed a four-headed hydra
 23881 | Lair:2   | Killed a four-headed hydra
 24406 | Lair:2   | Noticed a boulder beetle
 24966 | Lair:2   | Killed a boulder beetle
 25508 | Lair:3   | Reached **** piety under Vehumet
 26167 | Lair:3   | Reached XP level 13. HP: 102/111 MP: 7/29
 26170 | Lair:3   | Reached skill level 13 in Spellcasting
 26219 | Lair:2   | Offered knowledge of Yara's Violent Unravelling by Vehumet.
 26722 | Lair:3   | Found a transporter.
 26834 | Lair:3   | Noticed 0gre's ghost (journeyman GnIE)
 26962 | Lair:3   | Found a transporter.
 27190 | Lair:3   | Found a radiant altar of Vehumet.
 27428 | Lair:3   | Found a staircase to the Swamp.
 27983 | Lair:3   | Identified the ring of Ufaukk {Ice rPois Str-2 Int+2}
 27984 | Lair:3   | Identified the +5 lajatang of the Pits of Slime {pain,
                  | Str+4}
 29083 | Lair:4   | Found a staircase to the Snake Pit.
 29208 | Lair:4   | Reached skill level 5 in Maces & Flails
 31200 | Lair:5   | Found a dark tunnel.
 31214 | Volcano  | Entered a volcano
 32687 | Volcano  | Noticed a fire dragon
 32708 | Volcano  | Killed a fire dragon
 32916 | Lair:5   | Found a staircase to the Slime Pits.
 33008 | Lair:5   | Reached skill level 14 in Spellcasting
 33500 | Lair:5   | Reached XP level 14. HP: 117/119 MP: 30/32
 33544 | Lair:5   | Noticed Snorg
 33561 | Lair:5   | Killed Snorg
 33816 | Lair:5   | Reached ***** piety under Vehumet
 33816 | Lair:5   | Offered knowledge of Irradiate by Vehumet.
 33829 | Lair:5   | Learned a level 5 spell: Irradiate
 33884 | Lair:5   | Reached skill level 10 in Fighting
 33993 | Lair:5   | Learned a level 7 spell: Orb of Destruction
 34299 | Lair:6   | Entered Level 6 of the Lair of Beasts
 35287 | Lair:6   | Offered knowledge of Lee's Rapid Deconstruction by Vehumet.
 36870 | Lair:6   | Reached skill level 1 in Transmutations
 37720 | Lair:3   | Killed 0gre's ghost
 37956 | D:7      | Killed PACMANKE's ghost
 38114 | D:11     | Bought an amulet of reflection for 450 gold pieces
 38315 | D:11     | Reached skill level 15 in Spellcasting
 38705 | Orc:1    | Entered Level 1 of the Orcish Mines
 38836 | Orc:1    | Found a runed translucent gate.
 38923 | Orc:1    | Found Jetoor's Weapon Shop.
 39197 | Orc:1    | Found a runed translucent gate.
 39198 | Orc:1    | Found a runed translucent gate.
 39199 | Orc:1    | Noticed an orc warlord
 39202 | Orc:1    | Reached skill level 10 in Stealth
 39210 | Orc:1    | Killed an orc warlord
 39213 | Orc:1    | Gained mutation: You occasionally shout uncontrollably at
                  | your foes. [mutagenic glow]
 39514 | Orc:1    | Noticed unlimited1921's ghost (novice HOFE)
 39672 | Orc:1    | Killed unlimited1921's ghost
 39740 | Orc:2    | Entered Level 2 of the Orcish Mines
 39764 | Orc:2    | Reached XP level 15. HP: 101/128 MP: 25/34
 40278 | Orc:2    | Found a staircase to the Elven Halls.
 40960 | Orc:2    | Found Maddy's Armour Boutique.
 40960 | Orc:2    | Found Veahiudd's General Store.
 41290 | Orc:2    | Found Rupnin's Assorted Antiques.
 41290 | Orc:2    | Found Luuhiokk's Assorted Antiques.
 41338 | Orc:2    | Bought a scroll of fog for 68 gold pieces
 41338 | Orc:2    | Bought a scroll of identify for 68 gold pieces
 41338 | Orc:2    | Bought a scroll of blinking for 255 gold pieces
 41338 | Orc:2    | Bought a potion of haste for 340 gold pieces
 41338 | Orc:2    | Bought a scroll of magic mapping for 119 gold pieces
 41338 | Orc:2    | Bought a wand of charming (4) for 68 gold pieces
 41339 | Orc:2    | Bought a scroll labelled MAIWOW WUANGA for 39 gold pieces
 41341 | Orc:2    | Bought a potion of curing for 42 gold pieces
 41851 | D:13     | Noticed Nessos
 41864 | D:13     | HP: 6/129 [poisoned by Nessos]
 41864 | D:13     | HP: 2/129 [Nessos/arrow (4)]
 42984 | D:12     | Succumbed to Nessos's poison

Illustrated notes

Levels and vault maps discovered:
D:1:      lemuel_arrival_rhombus, layout_loops_ring, serial_glass,
          glass_columns_c, glass_columns_a, glass_columns_b, glass_columns_b,
          glass_columns_b, glass_columns_c, glass_columns_c, glass_columns_b,
          minmay_strange_pillars, minmay_strange_pillars, item_on_display_a,
          shapermc_ecumenical_altar_gd
D:2:      layout_loops_cross, serial_undead, serial_undead_c, serial_undead_d,
          serial_undead_a, serial_undead_f, serial_undead_a
D:3:      layout_basic, nzn_wu_jian_council_hall,
          nicolae_overflow_hidden_temple, gup_sewer_entry_bowl
D:4:      layout_rooms, amcnicky_mini_rare_corridor_liquid, minivault_1,
          minmay_diced_spiral, uniq_sigmund, uniq_natasha
D:5:      layout_loops_cross, mainiacjoe_overflow_concentric_impassable,
          minmay_misc_feat_ornament
D:6:      cheibrodos_thug_alley, layout_rooms, okawaru_gym_becter,
          lemuel_coloured_pillars_altar, minmay_temple_entry_wispy, uniq_edmund
D:7:      layout_cave_pools, amcnicky_altar_gilded, lemuel_crystal_altar,
          gammafunk_ghost_necromancy
D:8:      layout_rooms, serial_shops, nicolae_stop_n_shop_1, shop, st_stairs_9
D:9:      nicolae_BIG_FREAKIN_CUBE, layout_basic, mainiacjoe_overflow_alcove_4,
          mainiacjoe_overflow_brackets, david_lair_generic, uniq_maurice
D:10:     layout_gridville, nicolae_tso_swordbearing_angel
D:11:     layout_basic, david_orc_4, serial_shops, shop, shop_statue,
          onia_ninara_dug_in_and_dangerous
D:12:     layout_roguey, uniq_psyche
D:13:     layout_big_octagon, chequers_garden, uniq_nessos
Temple:   jpeg_temple_island
Lair:1:   layout_layer_cave
Lair:2:   layout_chaotic_city, serial_bayou_lagoon_a
Lair:3:   layout_hall_layers, minmay_swamp_entry_worms, basic_altar,
          gammafunk_ghost_berserking_beasts, eino_small_chamber_without_monster,
          minivault_25
Lair:4:   layout_layer_cave, guppyfry_snake_entry_garden, serial_bayou_lagoon_b,
          grunt_megastairs_1, infiniplex_staircase_pool
Lair:5:   layout_small_grid, slime_dummy, enter_volcano_3, serial_bayou_pond_d,
          uniq_snorg
Lair:6:   minmay_lair_end_frog_pond, layout_small_grid, kennysheep_rathole
Orc:1:    layout_diamond_mine, serial_shops, nicolae_shop_bloodbath_and_beyond,
          gammafunk_ghost_split, special_room [special_room_orc]
Orc:2:    st_orc_ogre_mass, layout_caves

Skill      XL: |  1  2  3  4  5  6  7  8  9 10 11 12 13 14 15 |
---------------+----------------------------------------------+-----
Stealth        | 2 3 4 5 6 7 8 9 10 | 10.5
Dodging        | 2 3 4 5 6 7 8 9 |  9.6
Fighting       | 1 2 3 4 5 6 8 9 10 11 | 11.2
Spellcasting   | 3 4 5 7 8 10 11 12 14 15 | 15.0
Conjurations   | 5 6 7 8 9 11 12 13 14 | 14.8
Hexes          | 1 2 |  2.0
Translocations | 1 2 |  2.0
Maces & Flails | 3 6 8 9 |  9.6
Transmutations | 2 |  2.0

Action                   |  1- 3 |  4- 6 |  7- 9 | 10-12 | 13-15 || total
-------------------------+-------+-------+-------+-------+-------++-------
Melee: Unarmed           |    17 |    17 |    14 |    18 |       ||    66
       Tailslap          |     1 |     5 |       |    10 |    34 ||    50
       Punch             |       |       |     1 |     1 |     2 ||     4
       Flail             |       |       |       |    36 |   174 ||   210
 Cast: Magic Dart        |    94 |    54 |    61 |    14 |     6 ||   229
       Searing Ray       |     1 |     9 |    90 |   131 |    77 ||   308
       Iskenderun's Myst |       |       |     7 |   144 |   234 ||   385
       Fulminant Prism   |       |       |     2 |     2 |     3 ||     7
       Irradiate         |       |       |       |       |    85 ||    85
       Orb of Destructio |       |       |       |       |     1 ||     1
 Abil: Breathe Dispellin |       |       |       |     3 |       ||     3
Evoke: Wand              |       |       |       |     8 |    14 ||    22
  Use: Potion            |       |       |     1 |     5 |     8 ||    14
       Scroll            |       |       |       |    16 |    21 ||    37
 Stab: Sleeping          |       |       |       |     1 |     2 ||     3
       Distracted        |       |       |       |     1 |     1 ||     2
Armor: Skin              |    17 |    16 |    69 |   138 |   152 ||   392
Dodge: Dodged            |    38 |    35 |   130 |   285 |   374 ||   862
Block: Other             |       |       |       |       |    20 ||    20
       Reflection        |       |       |       |       |     2 ||     2
